 Dungeon Crawl Stone Soup version 0.29-a0-88-g03a7b78be7 (webtiles) character file.

Game seed: 6624607812122531386

11 lordive the Grasshopper (level 2, -8/27 HPs)
             Began as a Troll Warper on Feb 5, 2022.
             Mangled by Sigmund (11 damage)
             ... on level 2 of the Dungeon.
             The game lasted 00:00:41 (401 turns).

lordive the Grasshopper (Troll Warper)               Turns: 401, Time: 00:00:42

Health: -8/27      AC:  4    Str: 18    XL:     2   Next: 13%
Magic:  2/2        EV: 10    Int:  9    God:
Gold:   0          SH:  0    Dex:  9    Spells: 3/3 levels left

rFire   . . .      SeeInvis .     - Unarmed
rCold   . . .      Faith    .   (no shield)
rNeg    . . .      Spirit   .   a - +0 robe
rPois   .          Reflect  .   (helmet restricted)
rElec   .          Harm     .   (no cloak)
rCorr   .          Rampage  .   (gloves unavailable)
Will    .....                   (boots unavailable)
Stlth   +.........              (no amulet)
HPRegen 0.89/turn               (no ring)
MPRegen 0.08/turn               (no ring)

@: confused
A: large, unfitting armour, claws 3, regeneration 1, shaggy fur 1, tough skin 1
a: no special abilities


You were on level 2 of the Dungeon.
You visited 1 branch of the dungeon, and saw 2 of its levels.

Inventory:

Missiles
 c - 5 boomerangs of dispersal (quivered)
Armour
 a - a +0 robe (worn)
Jewellery
 f - a ring of see invisible
Scrolls
 b - a scroll of blinking
 d - a scroll of identify {unknown}
 e - a scroll of fog {unknown}
Potions
 g - a potion of berserk rage {unknown}


   Skills:
 + Level 1.5 Fighting
 - Level 0.8 Throwing
 + Level 2.1 Dodging
 + Level 2.0 Unarmed Combat
 + Level 1.3 Spellcasting
 * Level 2.4 Translocations
 * Level 0.4 Invocations


You had 3 spell levels left.
You didn't know any spells.
Your spell library contained the following spells:

 Spells                   Type           Power      Damage    Failure   Level
 Apportation              Tloc           8%         N/A       14%         1
 Blink                    Tloc           8%         N/A       21%         2
 Animate Skeleton         Necr           0%         N/A       36%         1
 Summon Small Mammal      Summ           0%         N/A       36%         1
 Gell's Gravitas          Tloc           4%         N/A       38%         3
 Lesser Beckoning         Tloc           4%         N/A       38%         3
 Teleport Other           Tloc           4%         N/A       38%         3
 Passwall                 Tmut/Erth      0%         N/A       50%         2
 Passage of Golubria      Tloc           4%         N/A       80%         4
 Manifold Assault         Tloc           4%         N/A       98%         5
 Statue Form              Tmut/Erth      0%         N/A       100%        6


Dungeon Overview and Level Annotations

Branches:
Dungeon (2/15)

Altars:

Annotations:
D:2 Sigmund


Innate Abilities, Weirdness & Mutations

You are too large for most types of armour.
You have claws for hands.
Your natural rate of healing is unusually fast.
You are covered in fur. (AC +1)
You have tough skin. (AC +1)


Message History

Sigmund flickers and vanishes!
Deactivating autopickup; reactivate with Ctrl-A.
You scratch the hobgoblin.
The hobgoblin is moderately wounded.
You closely miss the hobgoblin.
The hobgoblin is moderately wounded.
The hobgoblin hits you.
You barely miss the hobgoblin.
The hobgoblin is moderately wounded.
The hobgoblin closely misses you.
You barely miss the hobgoblin.
The hobgoblin is moderately wounded.
The hobgoblin closely misses you.
You claw the hobgoblin!
You kill the hobgoblin!
You scratch the ball python.
You kill the ball python!
A magic dart appears from out of thin air!
The magic dart hits you. Something hits you!
You see here a ball python corpse.
You barely miss something. You closely miss something. Something hits you.
* * * LOW HITPOINT WARNING * * *
You miss something. Something hits you.
* * * LOW HITPOINT WARNING * * *
Unknown command.
A hobgoblin comes into view.
The hobgoblin shouts!
A hobgoblin is nearby!
A hobgoblin is nearby!
A hobgoblin is nearby!
Unknown command.
A dart slug comes into view.
You hear some strange, mumbled words.
You are confused.
Something hits you!
* * * LOW HITPOINT WARNING * * *
Something hits you!
You die...

..#.# ###.#.##
...... ##
.#####.#.####...
#.........<.......
#..###..#.........
..#.# #..
#.#.....##.#.
.)#.# #..
#...†.### ..#.#
#.. #....@# #.#.#
#.. #.##.g# #.#.#
#..###.##.{# #.#.#
#..........#
#.#.#####.##.###.#
#.............†.w#
..#.######.#.###.#
#.#.# #.......#
..#.# ##.####.#


You could see a dart slug and a hobgoblin.

Vanquished Creatures
  3 ball pythons
  3 hobgoblins
  A quokka (D:1)
  2 frilled lizards (D:1)
  2 rats (D:1)
11 creatures vanquished.

Vanquished Creatures (others)
  A plant (D:1)
1 creature vanquished.

Grand Total: 12 creatures vanquished

Notes
Turn   | Place    | Note
-------+----------+-------------------------------------------
     0 | D:1      | lordive the Troll Warper began the quest for the Orb.
     0 | D:1      | Reached XP level 1. HP: 19/19 MP: 1/1
    21 | D:1      | Got the Compendium of Earthen Displacement
   144 | D:1      | Found a faded altar of an unknown god.
   259 | D:1      | Reached XP level 2. HP: 27/27 MP: 2/2
   359 | D:2      | Noticed Sigmund
   401 | D:2      | Mangled by Sigmund

Illustrated notes

Levels and vault maps discovered:
D:1:      minmay_arrival_diagonal_passages, layout_loops_ring, serial_forest,
          infiniplex_forest_straight_2, infiniplex_forest_lined_1,
          infiniplex_forest_clump_long, infiniplex_forest_corner_2,
          infiniplex_forest_lined_2, infiniplex_forest_straight_4,
          infiniplex_forest_join, shapermc_ecumenical_altar_totnotflames,
          minmay_misc_feat_columns
D:2:      layout_basic, nicolae_shop_unique_rings, uniq_sigmund

Skill      XL: |  1 |
---------------+----+-----
Dodging        | 2 |  2.1
Fighting       | |  1.5
Throwing       | |  0.8
Unarmed Combat | |  2.0
Spellcasting   | |  1.3
Translocations | |  2.4
Invocations    | |  0.4

Action                   || total
-------------------------++-------
Melee: Unarmed           ||    30
Armor: Robe              ||     7
Dodge: Dodged            ||     9

Table legend: (Time is in decaauts)
 A = Elapsed time spent in this place.
 B = Non-inter-level travel time spent in this place.
 C = Inter-level travel time spent in this place.
 D = Time resting spent in this place.
 E = Time spent auto-exploring this place.
 F = Levels seen in this place.
 G = Mean time per level.
                   A        B        C        D        E       F      G
               +--------+--------+--------+--------+--------+-----+--------+
         Total |    399 |    331 |     68 |      0 |    234 |   2 |  199.5 |
       Dungeon |    399 |    331 |     68 |      0 |    234 |   2 |  199.5 |
               +--------+--------+--------+--------+--------+-----+--------+

Top non-repeatable levels by time:
     D:1: 326 daAuts
     D:2: 73 daAuts
